 Dungeon Crawl Stone Soup version 0.29.1-2-gbd0b4ee654 (webtiles) character file.

Game seed: 16110153277838971891

61 funnyparkerb the Changer (level 4, -1/38 HPs)
             Began as a Naga Transmuter on Nov 7, 2022.
             Slain by an endoplasm (2 damage)
             ... on level 2 of the Dungeon.
             The game lasted 00:02:49 (2193 turns).

funnyparkerb the Changer (Naga Transmuter)          Turns: 2193, Time: 00:02:50

Health: -1/38      AC:  2    Str: 12    XL:     4   Next: 7%
Magic:  6/8        EV:  9    Int: 16    God:
Gold:   122        SH:  0    Dex: 11    Spells: 2/8 levels left

rFire   . . .      SeeInvis +     - Unarmed
rCold   . . .      Faith    .   (no shield)
rNeg    . . .      Spirit   .   a - +0 robe
rPois   +          Reflect  .   (helmet currently unavailable)
rElec   .          Harm     .   (no cloak)
rCorr   .          Rampage  .   (no gloves)
Will    .....                   (no barding)
Stlth   +.........              (no amulet)
HPRegen 0.12/turn               (no ring)
MPRegen 0.11/turn               (no ring)

@: appendages (expiring), wereblooded, very slow
A: horns 2, AC +1, large, see invisible, deformed body, poison resistance,
slowness 2, spit poison 1, naga tail 1
a: Spit Poison, End Transformation


You were on level 2 of the Dungeon.
You had temporarily grown beastly horns.
You visited 1 branch of the dungeon, and saw 2 of its levels.

You collected 122 gold pieces.

Inventory:

Armour
 a - a +0 robe (worn)
 e - a +0 leather armour
Scrolls
 d - a scroll of magic mapping {unknown}
 f - a scroll of enchant armour {unknown}
 g - a scroll of fear {unknown}
Potions
 b - a potion of lignification
 c - a potion of curing {unknown}
 h - a potion of brilliance {unknown}


   Skills:
 - Level 1.0 Fighting
 - Level 1.5 Dodging
 - Level 3.0 Unarmed Combat
 + Level 2.9 Spellcasting
 + Level 3.1 Transmutations
 + Level 1.6 Poison Magic


You had 2 spell levels left.
You knew the following spells:

 Your Spells              Type           Power      Damage    Failure   Level
a - Beastly Appendage     Tmut           24%        N/A       5%          1
b - Wereblood             Tmut           12%        N/A       8%          2
c - Spider Form           Tmut/Pois      9%         N/A       22%         3

Your spell library contained the following spells:

 Spells                   Type           Power      Damage    Failure   Level
 Ice Form                 Ice/Tmut       7%         N/A       69%         4


Dungeon Overview and Level Annotations

Branches:
Dungeon (2/15)

Altars:


Innate Abilities, Weirdness & Mutations

You have temporarily grown beastly horns.
Your serpentine skin is tough. (AC +1)
You have supernaturally acute eyesight. (SInv)
Armour fits poorly on your strangely shaped body.
Your system is resistant to poisons. (rPois)
You cover ground very slowly.
You can spit poison.
You have a snake-like lower body.


Message History

Found 9 gold pieces.
The goblin shoots a sling bullet.
The sling bullet hits you.
The goblin shoots a sling bullet.
The sling bullet hits you.
The goblin shoots a sling bullet.
The sling bullet hits you.
The goblin shoots a sling bullet.
The sling bullet barely misses you.
You see here a +0 ring mail.
You are too injured to fight recklessly!
You are too injured to fight recklessly!
You are too injured to fight recklessly!
You are too injured to fight recklessly!
You have got your breath back.
The goblin shoots a sling bullet.
The sling bullet hits you.
* * * LOW HITPOINT WARNING * * *
The goblin shoots a sling bullet.
The sling bullet hits you but does no damage.
Your transformation is almost over.
The goblin shoots a sling bullet.
The sling bullet hits you.
* * * LOW HITPOINT WARNING * * *
The giant cockroach closely misses you. The endoplasm freezes you.
You are frozen.
* * * LOW HITPOINT WARNING * * *
The endoplasm attacks as you move away! The endoplasm misses you.
The goblin shoots a sling bullet.
The sling bullet hits you.
* * * LOW HITPOINT WARNING * * *
The giant cockroach bites you but does no damage.
The giant cockroach waves its antennae.
The giant cockroach barely misses you.
The giant cockroach bites you but does no damage.
The endoplasm hits you.
* * * LOW HITPOINT WARNING * * *
The giant cockroach bites you but does no damage.
The giant cockroach attacks as you move away!
The giant cockroach bites you.
* * * LOW HITPOINT WARNING * * *
You howl as the wereblood boils in your veins!
The endoplasm hits you.
* * * LOW HITPOINT WARNING * * *
The endoplasm attacks as you move away! The endoplasm hits you.
You die...

.#.### .#.............. .....#
.........[........ .....#
.........g..+#...
.....#........####g..+#...
.....#........# ##........
.....#........# #.........
.#..........#.# #B........
............#.###J.....#.......
................@##....#.......#
...##..........#.##....#.......#
...##..........#.##....#.......#
.#.##..........#.##....#.......#
.#.##.......####.......#.......#
.#.##.......####......)#.......#
.+ <..........#...............#
.# ....######.#...........######
.# ..#........#.......†...#.....


You could see an endoplasm, a giant cockroach and 2 goblins.

Vanquished Creatures
  2 adders (D:2)
  2 dart slugs
  A ball python (D:1)
  3 endoplasms
  3 giant cockroaches (D:1)
  3 goblins (D:1)
  5 hobgoblins
  2 quokkas
  5 bats
  2 frilled lizards
  3 kobolds
  5 rats
36 creatures vanquished.

Vanquished Creatures (others)
  4 fungi (D:1)
  A plant (D:1)
5 creatures vanquished.

Grand Total: 41 creatures vanquished

Notes
Turn   | Place    | Note
-------+----------+-------------------------------------------
     0 | D:1      | funnyparkerb the Naga Transmuter began the quest for the
                  | Orb.
     0 | D:1      | Reached XP level 1. HP: 18/18 MP: 3/3
   432 | D:1      | Reached XP level 2. HP: 25/25 MP: 3/5
   441 | D:1      | Learned a level 2 spell: Wereblood
   988 | D:1      | Reached XP level 3. HP: 12/31 MP: 3/6
   992 | D:1      | Learned a level 3 spell: Spider Form
  1376 | D:1      | Found a faded altar of an unknown god.
  1691 | D:2      | Reached skill level 1 in Poison Magic
  2039 | D:2      | Reached XP level 4. HP: 31/38 MP: 5/8
  2192 | D:2      | HP: 1/38 [endoplasm (1)]
  2193 | D:2      | Slain by an endoplasm

Illustrated notes

Levels and vault maps discovered:
D:1:      zelgadis_glass_arrival_small, layout_loops_corners,
          dreamdust_ecumenical_altar_grove
D:2:      layout_basic

Skill      XL: |  1  2  3 |
---------------+----------+-----
Poison Magic   | 1 |  1.6
Transmutations | 3 |  3.1
Fighting       | |  1.0
Dodging        | |  1.5
Unarmed Combat | |  3.0
Spellcasting   | |  2.9

Action                   |  1- 3 |  4- 6 || total
-------------------------+-------+-------++-------
Melee: Unarmed           |    96 |     8 ||   104
       Headbutt          |    11 |       ||    11
       Punch             |     5 |       ||     5
 Cast: Beastly Appendage |    20 |     3 ||    23
       Wereblood         |    11 |     3 ||    14
 Abil: Spit Poison       |     8 |     3 ||    11
Armor: Robe              |    27 |     4 ||    31
Dodge: Dodged            |    36 |    10 ||    46
